 Dungeon Crawl Stone Soup version 0.30.1-9-gdf580d7c3d (webtiles) character file.

Game seed: 15333964914842802683

140487 growler the Cloud Mage (level 17, -11/105 HPs)
             Began as a Tengu Air Elementalist on Oct 5, 2023.
             Was the Champion of Hepliaklqana.
             Killed from afar by a nagaraja (34 damage)
             ... with a bolt of poison
             ... on level 2 of the Snake Pit on Oct 6, 2023.
             The game lasted 01:58:44 (41630 turns).

growler the Cloud Mage (Tengu Air Elementalist)    Turns: 41630, Time: 01:58:44

Health: -11/105    AC: 13    Str: 11    XL:     17   Next: 30%
Magic:  27/30      EV: 13    Int: 25    God:    Hepliaklqana [******]
Gold:   2138       SH: 21    Dex: 15    Spells: 14/32 levels left

rFire   . . .        a - +8 rapier (speed)
rCold   + . .        e - +8 kite shield "Echyrona" {rC+ Will+ rCorr Int+4}
rNeg    . . .        M - +2 robe {Will+}
rPois   .            (helmet restricted)
rElec   .            p - +1 cloak
rCorr   +            m - +2 pair of gloves
SInv    .            (boots unavailable)
Will    +++..        F - amulet of magic regeneration
Stlth   +++          Q - +4 ring of protection
HPRegen 0.37/turn    T - +4 ring of slaying
MPRegen 0.62/turn

%: no passive effects
@: lethally poisoned (-11 -> -46), weakened, flying quickly and evasively,
hasted, studying Short Blades, very quick
A: reduced essence, beak, talons 3, nimble flight
a: Renounce Religion, Recall Ancestor, Ancestor Identity, Transference, Idealise


You were on level 2 of the Snake Pit.
You worshipped Hepliaklqana.
Hepliaklqana was exalted by your worship.
You visited 5 branches of the dungeon, and saw 25 of its levels.
You also visited: Bailey.

You collected 2710 gold pieces.
You spent 572 gold pieces at shops.

Inventory:

Hand Weapons
 a - a +8 rapier of speed (weapon)
 u - a +1 dagger of venom
 O - a +3 dagger of speed
Missiles
 j - 10 throwing nets
Armour
 e - the +8 kite shield "Echyrona" (worn) {rC+ Will+ rCorr Int+4}
   (You acquired it on level 9 of the Dungeon)

   Int:       It affects your intelligence (+4).
   rC:        It protects you from cold.
   rCorr:     It protects you from acid and corrosion.
   Will:      It increases your willpower.
 g - a scarf of resistance
 m - a +2 pair of gloves (worn)
 p - a +1 cloak (worn)
 M - a +2 robe of willpower (worn)
 N - a +2 robe of resistance
Jewellery
 s - an amulet of faith
 z - a ring of protection from cold
 B - the amulet "Ciecueha" {Regen+ Stlth+}
   (You found it on level 1 of the Snake Pit)

   [amulet of regeneration]

   Regen:     It increases your rate of health regeneration.
   Stlth:     It makes you more stealthy.
 E - a +6 ring of dexterity
 F - an amulet of magic regeneration (around neck)
 P - a ring of positive energy
 Q - a +4 ring of protection (left hand)
 T - a +4 ring of slaying (right hand)
Wands
 r - a wand of iceblast (12)
 x - a wand of mindburst (14)
 y - a wand of flame (47)
 D - a wand of digging (12)
 R - a wand of paralysis (18)
 W - a wand of polymorph (6)
Scrolls
 c - 5 scrolls of magic mapping
 d - 4 scrolls of poison
 f - 6 scrolls of teleportation
 l - 6 scrolls of amnesia
 n - 5 scrolls of identify
 o - 4 scrolls of enchant armour
 q - 7 scrolls of immolation
 A - 3 scrolls of fear
 C - 4 scrolls of blinking
 H - a scroll of brand weapon
 L - 5 scrolls of fog
 U - 2 scrolls of torment
 Z - 2 scrolls of summoning
Potions
 b - 3 potions of magic
 h - 2 potions of heal wounds
 i - 2 potions of haste
 k - 6 potions of mutation
 t - 7 potions of curing
 v - 4 potions of lignification
 w - 4 potions of ambrosia
 G - 2 potions of cancellation
 J - 4 potions of attraction
 S - 4 potions of might
 V - 2 potions of invisibility
 X - 2 potions of brilliance
 Y - a potion of resistance


   Skills:
 + Level 17.2 Fighting
 - Level 10.0 Short Blades
 - Level 2.1 Dodging
 - Level 7.0 Stealth
 + Level 14.8 Shields
 + Level 8.4 Spellcasting
 - Level 6.0 Conjurations
 + Level 22.6 Air Magic


You had 14 spell levels left.
You knew the following spells:

 Your Spells              Type           Power      Damage    Failure   Level
a - Shock                 Conj/Air       100%       1d9       1%          1
b - Static Discharge      Conj/Air       100%       2-7/arc   1%          2
c - Swiftness             Air            89%        N/A       0%          3
d - Airstrike             Air            44%        2d(7-23)  0%          4
e - Maxwell's Capacitive  Air            44%        ∞         7%          8

Your spell library contained the following spells:

 Spells                   Type           Power      Damage    Failure   Level
 Magic Dart               Conj           100%       1d8       1%          1
 Mephitic Cloud           Conj/Pois/Air  55%        N/A       1%          3
 Summon Lightning Spire   Summ/Air       61%        N/A       1%          4
 Hailstorm                Conj/Ice       25%        3d7       11%         3
 Stone Arrow              Conj/Erth      50%        3d10      11%         3
 Freeze                   Ice            40%        1d6       12%         1
 Necrotise                Necr           40%        1d6       12%         1
 Sandblast                Erth           20%        2d7       12%         1
 Call Imp                 Summ           20%        N/A       19%         2
 Passwall                 Tmut/Erth      8%         N/A       19%         2
 Sublimation of Blood     Necr           10%        N/A       19%         2
 Frozen Ramparts          Ice            20%        1d4       34%         3
 Gell's Gravitas          Tloc           10%        N/A       34%         3
 Teleport Other           Tloc           10%        N/A       34%         3
 Vampiric Draining        Necr           10%        2d6       34%         3
 Volatile Blastmotes      Fire/Tloc      20%        2d11      34%         3
 Fulminant Prism          Conj/Hex       12%        3d8       34%         4
 Iskenderun's Mystic Bla  Conj/Tloc      25%        2d7       34%         4
 Irradiate                Conj/Tmut      12%        3d15      67%         5
 Storm Form               Tmut/Air       30%        N/A       67%         7
 Petrify                  Tmut/Erth      10%        N/A       75%         4
 Agony                    Necr           10%        N/A       97%         5
 Lee's Rapid Deconstruct  Erth           5%         3d6*      97%         5
 Dispersal                Tloc           5%         N/A       100%        6


Dungeon Overview and Level Annotations

Branches:
Dungeon (15/15)            Temple (1/1) D:6            Lair (5/5) D:9
 Shoals (0/4) Lair:2        Snake (2/4) Lair:3        Slime (0/5) Lair:4
    Orc (2/2) D:9             Elf (0/3) Orc:2        Vaults (0/5) D:14
 Depths (0/4) D:15         Bailey (visited)

Altars:
Ashenzari
Cheibriados
Dithmenos
Elyvilon
Fedhas
Gozag
Hepliaklqana
Kikubaaqudgha
Makhleb
Nemelex Xobeh
Okawaru
Qazlal
Ru
Sif Muna
Trog
Uskayaw
Vehumet
Wu Jian
Xom
Yredelemnul
Zin
The Shining One
Lugonu

Shops:
D:8 *   D:9 *   D:10 *   D:12 *   D:13 *   Orc:2 ?=:(::   Snake:2 *(=!

Portals:
Hell: Lair:5
Abyss: Lair:5

Annotations:
D:12 8 runed translucent doors
D:15 2 transporters, LynnLen's ghost, adept SpEn
Lair:1 3 runed translucent doors, Xijim's ghost, journeyman OgGl


Innate Abilities, Weirdness & Mutations

Your life essence is reduced to manifest your ancestor. (-10% HP)
You have a beak for a mouth.
You have claws for feet.
Your magical nature lets you fly swiftly and evasively.


Message History

You feel sick.
You are more poisoned.
Reggie B. hits the naga ritualist with a +0 dagger of draining.
The naga ritualist hits Reggie B. with a +0 mace.
You feel yourself speed up.
You feel sick.
You are more poisoned.
The naga ritualist's toxic aura wanes.
The nagaraja casts a spell at you. The poison arrow hits you!
You are more poisoned.
Reggie B. hits the naga ritualist but does no damage.
Something hits Reggie B.!
Reggie B. is engulfed in flames!
Reggie B. resists.
The nagaraja points at you and mumbles some strange words.
You resist with almost no effort.
Reggie B. hits the naga ritualist with a +0 dagger of draining!
Reggie B. drains the naga ritualist.
The naga ritualist prays to its god.
The naga ritualist begins to radiate toxic energy.
You are more poisoned.
You feel very sick. The salamander tyrant hits you!
You are engulfed in flames!!
Reggie B. barely misses the naga ritualist.
The nagaraja hits you but does no damage.
You block the nagaraja's attack.
Something barely misses Reggie B..
Blink to where?
Press: ? - help, Dir - move target
As you read the scroll of blinking, it crumbles to dust.
You feel very sick.
You feel very sick.
The salamander tyrant gazes fiercely through you!
You feel as though you will be weak longer.
You feel very sick. The naga mage spits poison at you.
The splash of poison misses you.
You feel very sick.
The nagaraja points at you and mumbles some strange words.
The bolt of poison hits you!!
You are lethally poisoned!
You die...

#.#8.N.8#.§.#8NN.8#.####.###.##
#.#..$..#####.....#.##..#R.).##
#.#.....'=:['N....#.###.)##...#
#.##.#..#:::#..#.##.####..#####
#.#..#.8#⌠_⌠#8.#..#.#.###...#.#
#.##.N.#######...##..#.###..##.
#.#.N#..#8©8#..#..#..#.#####.#.
#.##.#..'...'..#.##..#..#.....R
#.#.....#...#.@...#.###...##..#
#.##.#.###'###.#.##.###.#######
#.#..#.#⌠...⌠#.#..#.#.#..##
#.##...#...N.#...##.#.#.#.##
#.#...##..)N.##...#.#...#..#
#.##.N#....NRN#NN##.#.#.#..#
#.# .#.#...#)#R..#.#.#...## #.#
....#8.8#..N.##.#.#..## #
#.#.....#...#§N...#.#####.#####


You could see the friendly Reggie B. the hexer, a nagaraja (fast), 2 salamander
tyrants and a naga mage (catching breath).

Vanquished Creatures
  Aizul (Snake:1)
  An orc warlord (Orc:1)
  Nessos (D:14)
  A fire dragon (D:13)
  Harold (Lair:2)
  7 vault guards (D:14)
  4 hydras
  Erolcha (Orc:2)
  7 centaur warriors
  2 anacondas (Snake:2)
  4 ogre magi
  2 death knights
  21 two-headed ogres
  4 boulder beetles
  3 naga warriors (Snake:1)
  2 tengu warriors (D:14)
  5 death yaks
  3 shock serpents (Snake:1)
  A naga sharpshooter (Snake:1)
  Urug (D:10)
  A sixfirhy (Lair:5)
  6 skeletal warriors
  2 skysharks
  3 salamander mystics
  2 wizards
  The ghost of Drain the Cleaver, a novice HOFi of Gozag (D:6)
  Pikel (D:4)
  3 orc knights
  2 mana vipers
  7 ugly things
  4 deep elf pyromancers
  2 salamanders
  9 cyclopes
  5 manticores
  An orc sorcerer (D:15)
  23 black mambas
  8 elephants (Lair:5)
  3 naga magi
  A centaur zombie (D:15)
  2 gargoyles (D:12)
  A guardian serpent (shapeshifter) (D:13)
  A torpor snail (Lair:3)
  15 cane toads
  3 orange demons
  5 rime drakes
  An unseen horror (D:12)
  A freezing wraith (D:12)
  A centaur skeleton (D:15)
  3 kobold demonologists
  11 komodo dragons
  2 tengu conjurers (D:14)
  2 ice devils (Lair:5)
  A red devil (Lair:5)
  5 trolls
  3 meliai (D:15)
  A hellwing (Lair:5)
  A wolf spider simulacrum (D:15)
  2 hornets
  3 polar bears
  Prince Ribbit (D:9)
  6 blink frogs
  10 slime creatures
  A meliai zombie (D:15)
  2 centaur simulacra (D:15)
  2 shadows
  Sigmund (D:4)
  2 wraiths
  4 wyverns
  A vampire (D:12)
  36 yaks
  4 basilisks
  3 steam dragons
  9 vampire mosquitoes
  5 wargs
  13 nagas
  An acid dragon (D:12)
  3 hell hounds (Lair:5)
  12 water moccasins
  21 orc warriors
  A black bear (Lair:1)
  5 ice beasts
  5 sky beasts
  3 wolves (Lair:2)
  10 centaurs
  32 ogres
  3 boggarts (D:15)
  A lemure (D:4)
  A phantom (D:7)
  2 kobold brigands
  10 bullfrogs
  3 gnoll sergeants
  4 scorpions
  12 wights
  3 hexers
  9 killer bees
  A vampire bat (Lair:3)
  An electric eel (D:9)
  4 howler monkeys
  14 orc priests
  2 jellies
  A hound (D:5)
  Crazy Yiuf (D:3)
  A gnoll bouda (Orc:2)
  18 orc wizards
  3 sleepcaps
  An iguana (D:4)
  2 mummies
  22 gnolls
  16 adders
  3 shadow imps (D:6)
  An ufetubus (D:3)
  A worm (D:5)
  3 dart slugs
  87 orcs
  6 ball pythons
  17 bats
  7 endoplasms
  2 giant cockroaches
  5 hobgoblins
  4 jackals (D:1)
  17 kobolds
  A quokka (D:1)
  7 frilled lizards
  A giant cockroach zombie (D:3)
  13 goblins
  A hobgoblin zombie (D:7)
  2 kobold zombies (D:7)
  An orc zombie (D:7)
  5 rats
  A lurking horror (Lair:5)
733 creatures vanquished.

Vanquished Creatures (collateral kills)
  A vault guard (D:14)
  A rakshasa (D:13)
  A catoblepas (D:13)
  4 hydras
  An ogre mage (Orc:2)
  A centaur warrior (D:13)
  2 two-headed ogres (Orc:2)
  2 death yaks
  2 naga warriors (Snake:1)
  A naga sharpshooter (Snake:2)
  Amaemon (D:11)
  A naga ritualist (Snake:2)
  A mana viper (Snake:2)
  A necromancer (D:15)
  An orc sorcerer (Orc:1)
  An ugly thing (D:12)
  2 cyclopes
  4 elephants (Lair:5)
  5 black mambas
  2 gargoyles (D:12)
  2 unseen horrors (D:12)
  2 komodo dragons (Lair:5)
  An ice devil (Lair:5)
  A polar bear (Lair:5)
  2 blink frogs
  2 slime creatures (D:14)
  A wyvern (D:9)
  7 yaks
  3 wraiths
  A basilisk (Lair:2)
  A vampire mosquito (Lair:4)
  A naga (Lair:3)
  2 wargs
  A water moccasin (Lair:2)
  4 orc warriors
  6 ogres
  2 centaurs
  2 bullfrogs
  A killer bee (D:9)
  An orc priest (Orc:2)
  4 orc wizards
  A gnoll (D:13)
  14 orcs
  A bat (Lair:3)
  A butterfly (Lair:5)
99 creatures vanquished.

Vanquished Creatures (others)
  A naga mage (Snake:1)
  A boggart (D:15)
  16 hexers
  8 ancestors
26 creatures vanquished.

Grand Total: 858 creatures vanquished

Notes
Turn   | Place    | Note
-------+----------+-------------------------------------------
     0 | D:1      | growler the Tengu Air Elementalist began the quest for the
                  | Orb.
     0 | D:1      | Reached XP level 1. HP: 10/10 MP: 4/4
   153 | D:1      | Reached XP level 2. HP: 15/15 MP: 1/6
   156 | D:1      | Learned a level 2 spell: Static Discharge
   505 | D:1      | Reached XP level 3. HP: 19/19 MP: 1/7
   515 | D:1      | Learned a level 3 spell: Swiftness
  1447 | D:2      | Reached XP level 4. HP: 24/24 MP: 7/9
  1700 | D:3      | Reached skill level 5 in Air Magic
  1876 | D:3      | Gained mutation: Your magical nature lets you fly swiftly
                  | and evasively. [Tengu growth]
  1876 | D:3      | Reached XP level 5. HP: 20/28 MP: 3/10
  2333 | D:3      | Found a faded altar of an unknown god.
  2884 | D:3      | Found a radiant altar of Vehumet.
  2947 | D:3      | Found a runed translucent door.
  2948 | D:3      | Noticed Crazy Yiuf
  3272 | D:3      | Killed Crazy Yiuf
  3273 | D:3      | Reached XP level 6. HP: 16/32 MP: 3/12
  3592 | D:3      | Learned a level 4 spell: Airstrike
  3630 | D:4      | Noticed Sigmund
  3640 | D:4      | Killed Sigmund
  3641 | D:4      | Reached skill level 5 in Conjurations
  3641 | D:4      | Reached skill level 6 in Air Magic
  4106 | D:4      | Reached XP level 7. HP: 29/36 MP: 7/14
  4231 | D:4      | Reached skill level 7 in Air Magic
  4962 | D:4      | Reached skill level 1 in Fighting
  5037 | D:4      | Noticed Pikel
  5056 | D:4      | Killed Pikel
  5057 | D:4      | Reached skill level 5 in Spellcasting
  5057 | D:4      | Reached skill level 8 in Air Magic
  5057 | D:4      | Reached XP level 8. HP: 46/46 MP: 3/17
  5269 | D:5      | Entered Level 5 of the Dungeon
  5269 | D:5      | Found a stormy altar of Qazlal.
  5275 | D:5      | Noticed a water elemental
  5276 | D:5      | Noticed an air elemental
  5567 | D:5      | Found a burning altar of Makhleb.
  5571 | D:5      | Found a broken altar of Ashenzari.
  5704 | D:5      | Reached skill level 9 in Air Magic
  5989 | D:5      | Found an opulent altar of Gozag.
  6160 | D:5      | Reached XP level 9. HP: 52/52 MP: 9/19
  6566 | D:6      | Found a staircase to the Ecumenical Temple.
  6610 | D:6      | Reached skill level 5 in Fighting
  6798 | D:6      | Reached skill level 10 in Air Magic
  6815 | D:6      | Identified the +5 leather armour "Echitoh" {Int+2}
  7854 | D:6      | Found a runed translucent door.
  7854 | D:6      | Noticed a manticore
  7855 | D:6      | Noticed Drain's ghost (novice HOFi)
  8110 | D:7      | Reached skill level 11 in Air Magic
  8424 | D:7      | Reached skill level 1 in Short Blades
  8516 | Temple   | Entered the Ecumenical Temple
  8711 | Temple   | Became a worshipper of Hepliaklqana the Forgotten
  8878 | D:7      | Reached XP level 10. HP: 56/61 MP: 14/20
  9895 | D:7      | Reached skill level 12 in Air Magic
 10165 | D:7      | Found an iron altar of Okawaru.
 10208 | D:8      | Reached skill level 5 in Short Blades
 10510 | D:8      | Found a snail-covered altar of Cheibriados.
 11069 | D:8      | Reached * piety under Hepliaklqana
 11087 | D:8      | Found a bloodstained altar of Trog.
 11163 | D:8      | Found Ogocier's General Store.
 11600 | D:9      | Noticed a kobold demonologist
 11603 | D:9      | Killed a kobold demonologist
 11739 | D:9      | Noticed Prince Ribbit
 11805 | D:8      | Reached skill level 13 in Air Magic
 11805 | D:8      | Reached XP level 11. HP: 56/62 MP: 0/21
 13190 | D:9      | Found a staircase to the Lair.
 13520 | D:9      | Found Wiless's Assorted Antiques.
 13753 | D:9      | Noticed a two-headed ogre
 13777 | D:9      | Killed a two-headed ogre
 14096 | D:9      | Killed Prince Ribbit
 14280 | D:9      | Found a staircase to the Orcish Mines.
 14434 | D:10     | Entered Level 10 of the Dungeon
 14437 | D:10     | Found a blossoming altar of Fedhas.
 14668 | D:10     | Reached skill level 14 in Air Magic
 14705 | D:10     | Found Geiwon's Serpentskin Sales.
 14857 | D:10     | Found a white marble altar of Elyvilon.
 14857 | D:10     | Noticed Urug
 14864 | D:10     | Killed Urug
 14979 | D:10     | Found a flagged portal.
 15066 | Bailey   | Entered a bailey
 15665 | Bailey   | Noticed an orc knight
 15839 | Bailey   | Killed an orc knight
 16032 | D:10     | Reached ** piety under Hepliaklqana
 16340 | D:10     | Remembered your ancestor Reggie B. as a hexer
 16349 | D:10     | Reached skill level 10 in Fighting
 16573 | D:11     | Noticed Amaemon
 16584 | D:11     | Killed Amaemon
 16585 | D:11     | Reached XP level 12. HP: 68/69 MP: 2/22
 16787 | D:11     | Reached skill level 10 in Short Blades
 16801 | D:11     | Reached skill level 15 in Air Magic
 16866 | D:11     | Noticed a two-headed ogre
 16869 | D:11     | Killed a two-headed ogre
 17152 | D:11     | Identified the +6 falchion "Leyllad" {elec, rPois rC- rN+
                  | MP+9}
 17171 | D:11     | Identified the +3 cloak "Qucocu" {Int+2}
 17448 | D:11     | Reached *** piety under Hepliaklqana
 17789 | D:9      | Acquired the +8 kite shield "Echyrona" {rC+ Will+ rCorr
                  | Int+4}
 17797 | Lair:1   | Entered Level 1 of the Lair of Beasts
 17891 | Lair:1   | Reached skill level 1 in Shields
 18088 | Lair:1   | Found a gate leading to a gauntlet.
 18269 | Lair:1   | Found a runed translucent gate.
 18269 | Lair:1   | Found a runed translucent gate.
 18269 | Lair:1   | Found a runed translucent gate.
 18613 | Lair:1   | Found an opulent altar of Gozag.
 19168 | Lair:1   | Noticed Xijim's ghost (journeyman OgGl)
 19213 | Lair:2   | Reached skill level 16 in Air Magic
 19415 | Lair:2   | Found a staircase to the Shoals.
 19462 | Lair:2   | Noticed Harold
 19466 | Lair:2   | Killed Harold
 19467 | Lair:2   | Reached skill level 5 in Shields
 19740 | Lair:2   | Noticed a five-headed hydra
 19745 | Lair:2   | Killed a five-headed hydra
 19915 | Lair:2   | Identified the +1 ring mail "Funaegai" {Int+3}
 20071 | Lair:2   | Reached **** piety under Hepliaklqana
 20724 | Lair:3   | Reached XP level 13. HP: 76/76 MP: 10/23
 21074 | Lair:3   | Found a staircase to the Snake Pit.
 21795 | Lair:3   | Reached skill level 17 in Air Magic
 23823 | Lair:3   | Reached skill level 10 in Shields
 24335 | Lair:4   | Found a staircase to the Slime Pits.
 24421 | Lair:5   | Entered Level 5 of the Lair of Beasts
 24433 | Lair:5   | Reached skill level 18 in Air Magic
 25013 | Lair:5   | Found a corrupted altar of Lugonu.
 25014 | Lair:5   | Found a one-way gate to the infinite horrors of the Abyss.
 25282 | Lair:5   | Reached XP level 14. HP: 80/84 MP: 21/24
 26157 | Lair:5   | Reached ***** piety under Hepliaklqana
 27109 | Lair:5   | Reached skill level 5 in Stealth
 27400 | Lair:5   | Found a burning altar of Makhleb.
 27880 | Lair:5   | Reached skill level 19 in Air Magic
 28419 | Lair:5   | Found a gateway to Hell.
 28426 | Lair:5   | Identified the +1 scale mail "Aseill" {Harm rElec rF-
                  | Will+}
 28630 | Orc:1    | Entered Level 1 of the Orcish Mines
 28698 | Orc:1    | Noticed an orc warlord
 28855 | Orc:1    | Killed an orc warlord
 28979 | Orc:2    | Entered Level 2 of the Orcish Mines
 29347 | Orc:2    | Reached XP level 15. HP: 23/90 MP: 15/25
 29650 | Orc:2    | Found a staircase to the Elven Halls.
 29731 | Orc:2    | Found Leaxoth's Magic Scroll Emporium.
 29731 | Orc:2    | Found Ikusef Yrui's Jewellery Shop.
 29732 | Orc:2    | Found Idghuxt's Book Shop.
 29732 | Orc:2    | Found Xephon's Weapon Shoppe.
 29741 | Orc:2    | Reached skill level 20 in Air Magic
 29746 | Orc:2    | Noticed Erolcha
 29756 | Orc:2    | Killed Erolcha
 29807 | Orc:2    | Reached skill level 15 in Fighting
 30001 | Orc:2    | Found Siathet's Book Emporium.
 30020 | Orc:2    | Bought a book of the Sky for 572 gold pieces
 30040 | Orc:2    | Found Ehesan's Self-Improvement Boutique.
 30079 | Orc:2    | Learned a level 8 spell: Maxwell's Capacitive Coupling
 30915 | D:12     | Found Giddoapt's General Store.
 30951 | D:12     | Found a large runed translucent door.
 31001 | D:12     | Noticed a storm dragon
 31003 | D:12     | Found a large runed translucent door.
 31004 | D:12     | Found a large runed translucent door.
 31363 | D:12     | Found a large runed translucent door.
 31367 | D:12     | Found a large runed translucent door.
 31768 | D:12     | Found a large runed translucent door.
 31768 | D:12     | Noticed a sphinx
 31769 | D:12     | Found a large runed translucent door.
 31941 | D:12     | Found a large runed translucent door.
 32040 | D:13     | Found Komill's General Store.
 32629 | D:13     | Reached skill level 21 in Air Magic
 32832 | D:13     | Identified the +0 scale mail of Boredom {rPois}
 33466 | D:13     | Reached XP level 16. HP: 37/99 MP: 18/26
 34886 | D:6      | Killed Drain's ghost
 35876 | D:14     | Found a gate to the Vaults.
 36359 | D:14     | Noticed Nessos
 36371 | D:14     | Killed Nessos
 36489 | D:15     | Entered Level 15 of the Dungeon
 36494 | D:15     | Found a transporter.
 36499 | D:15     | Noticed LynnLen's ghost (adept SpEn)
 36540 | D:15     | Found a transporter.
 37007 | D:15     | Found a shimmering blue altar of Sif Muna.
 37535 | D:15     | Reached skill level 22 in Air Magic
 37816 | D:15     | Found a staircase to the Depths.
 38402 | Snake:1  | Entered Level 1 of the Snake Pit
 39020 | Snake:1  | Identified the amulet "Ciecueha" {Regen+ Stlth+}
 39131 | Snake:1  | Noticed Aizul
 39156 | Snake:1  | Killed Aizul
 39342 | Snake:1  | Reached XP level 17. HP: 104/104 MP: 26/29
 40586 | Snake:2  | Reached ****** piety under Hepliaklqana
 40591 | Snake:2  | Found Jiowy's Gadget Gallery.
 40627 | Snake:2  | Found a transporter.
 40634 | Snake:2  | Found a shimmering blue altar of Sif Muna.
 40928 | Snake:2  | Found Plog's Distillery.
 40932 | Snake:2  | Found Petoimif's Jewellery Shoppe.
 40933 | Snake:2  | Found Giqus's Antique Weapon Emporium.
 41630 | Snake:2  | Killed from afar by a nagaraja

Illustrated notes

Levels and vault maps discovered:
D:1:      dpeg_arrival_round_b, layout_rooms, minmay_pentomino_t4
D:2:      layout_rooms
D:3:      layout_loops_ring, nicolae_vehumet_altar_sigil, serial_undead,
          serial_undead_e, serial_undead_a, serial_undead_c, serial_undead_b,
          ebering_ecumenical_altar_webs, uniq_crazy_yiuf_cottage
D:4:      layout_gridville, uniq_sigmund, uniq_pikel
D:5:      layout_basic, kennysheep_mini_moat, nicolae_qazlal_style_of_elements,
          grunt_temple_overflow_open
D:6:      layout_loops_ring, minmay_temple_entry_overgrown,
          ebering_ghost_inner_flame
D:7:      layout_basic, kennysheep_okawaru_gauntlet,
          hangedman_abyss_or_decor_jellyfish_corner, minmay_mini_ossuary
D:8:      layout_gridville, slow_altar_1, lightli_temple_of_fire, serial_shops,
          shop
D:9:      layout_loops_corners, erik_lair_orcish_takeover, erik_orc_2,
          serial_shops, shop, uniq_prince_ribbit1
D:10:     layout_roguey, old_standard_altar, fedhas_altar_1, enter_bailey_5,
          guppyfry_shop_venom, uniq_urug
D:11:     layout_irregular_city, chequers_serial_rivers_micro_e, minivault_19,
          uniq_amaemon
D:12:     minmay_five_octagons, layout_long_grid, serial_shops, shop
D:13:     minmay_tri_box, layout_layer_cave, serial_shops,
          nicolae_shop_competitors_out_of_business
D:14:     layout_roguey, erik_vaults_2, uniq_nessos
D:15:     grunt_enter_depths_magical_seal, layout_loops_ring,
          gammafunk_ghost_arena, palyth_stone_intersect,
          nicolae_sif_muna_condensation
Temple:   nicolae_temple_godzebo
Lair:1:   layout_roguey, gauntlet_entry_generic, gammafunk_ghost_icy,
          minivault_27, lemuel_centaur_altar
Lair:2:   layout_chaotic_city, shoals_dummy_entry, serial_rivers,
          chequers_serial_rivers_micro_a, chequers_serial_rivers_small_b,
          chequers_serial_rivers_room_b, chequers_serial_rivers_room_b,
          nicolae_quartered_pool_super, st_stairs_6, uniq_harold
Lair:3:   layout_loops_ring, guppyfry_snake_entry_island, roderic_batcave,
          minivault_11, lemuel_fruit_tree
Lair:4:   layout_long_grid, slime_entry_1, pond
Lair:5:   evil_forest, layout_small_grid, chequers_serial_rivers_small_b,
          amcnicky_altar_lugonu_corruption, serial_bayou_shore_a,
          lemuel_fruit_fields
Snake:1:  layout_misc_corridors, grunt_megastairs_3, uniq_aizul
Snake:2:  gammafunk_sealed_library, layout_onion_interference,
          nicolae_shop_gadgets, minmay_shop_star
Orc:1:    layout_caves
Orc:2:    st_orc_ogre_mass, layout_caves, serial_shops, shop,
          nicolae_shop_self_help, uniq_erolcha

Skill      XL: |  1  2  3  4  5  6  7  8  9 10 11 12 13 14 15 16 17 |
---------------+----------------------------------------------------+-----
Conjurations   | 2 3 4 5 6 |  6.0
Air Magic      | 5 6 8 9 11 13 14 16 18 19 21 22 | 22.6
Spellcasting   | 3 4 5 6 7 8 |  8.4
Fighting       | 3 4 6 8 10 11 13 14 15 16 17 | 17.2
Short Blades   | 3 7 9 10 | 10.0
Shields        | 6 11 12 13 14 | 14.8
Stealth        | 7 |  7.0
Dodging        | |  2.1

Action                     |  1- 3 |  4- 6 |  7- 9 | 10-12 | 13-15 | 16-18 || total
---------------------------+-------+-------+-------+-------+-------+-------++-------
  Melee: Dagger            |    23 |    10 |    18 |   231 |   445 |    69 ||   796
         Kick              |     6 |     4 |     5 |    93 |   233 |    85 ||   426
         Peck              |     2 |       |     5 |    59 |   153 |    55 ||   274
         Punch             |       |       |       |     9 |       |       ||     9
         Rapier            |       |       |       |       |       |   146 ||   146
   Cast: Shock             |    70 |    87 |    97 |   137 |     2 |    13 ||   406
         Static Discharge  |       |    21 |    28 |    49 |    69 |    22 ||   189
         Airstrike         |       |       |    52 |   216 |   450 |   277 ||   995
         Maxwell's Capacit |       |       |       |       |       |     1 ||     1
 Invoke: Ancestor Identity |       |       |       |     1 |       |       ||     1
         Ancestor Life: He |       |       |       |     1 |       |       ||     1
         Recall Ancestor   |       |       |       |     1 |     5 |     3 ||     9
         Transference      |       |       |       |       |       |     1 ||     1
  Evoke: Wand              |       |       |       |     1 |       |       ||     1
    Use: Scroll            |       |       |    10 |    13 |     8 |     7 ||    38
         Potion            |       |       |     1 |       |       |     3 ||     4
   Stab: Sleeping          |       |       |       |     2 |     3 |     3 ||     8
         Confused          |       |       |       |     2 |     3 |     7 ||    12
         Distracted        |       |       |       |     1 |     6 |     2 ||     9
         Paralysed         |       |       |       |       |    10 |    20 ||    30
         Petrified         |       |       |       |       |     1 |       ||     1
 Armour: Robe              |     3 |     5 |    12 |    50 |    72 |    37 ||   179
         Steam dragon scal |       |       |       |     4 |       |       ||     4
  Dodge: Dodged            |    16 |    36 |    37 |   204 |   127 |    61 ||   481
  Block: Kite shield       |       |       |       |    34 |   435 |   251 ||   720
